 Dungeon Crawl Stone Soup version 0.17.2 (webtiles) character file.

152 Goblin1989 the Chopper (level 5, -3/42 HPs)
             Began as a Hill Orc Gladiator on June 17, 2016.
             Shot with an arrow by a centaur (4 damage)
             ... on level 4 of the Dungeon.
             The game lasted 00:05:29 (3089 turns).

Goblin1989 the Chopper (Hill Orc Gladiator)         Turns: 3089, Time: 00:05:29

Health: -3/42      AC:  7    Str: 19    XL:     5   Next: 34%
Magic:  5/5        EV: 11    Int:  8    God:
Gold:   276        SH:  0    Dex: 11    Spells: 0 memorised, 4 levels left

rFire  . . .     SeeInvis .     b - +2 war axe (vamp) {!w}
rCold  . . .     Clarity  .     t - +0 ring mail
rNeg   . . .     SustAt   .     (no shield)
rPois  .         Gourm    .     c - +0 helmet
rElec  .         Spirit   .     (no cloak)
rCorr  .         Warding  .     (no gloves)
rMut   .         Stasis   .     n - +0 pair of boots {run}
MR     .....                    (no amulet)
Stlth  +.........               (no ring)
                                (no ring)

@: quick, not resistant to hostile enchantments, very unstealthy
A: no striking features
a: no special abilities


You were on level 4 of the Dungeon.
You were not hungry.

You visited 1 branch of the dungeon, and saw 4 of its levels.

You collected 276 gold pieces.

Inventory:

Hand Weapons
 b - a +2 vampiric war axe (weapon) {!w}
 f - a +2 mace of protection
Missiles
 d - 3 throwing nets {=f, !d}
 h - 209 stones (quivered)
Armour
 c - a +0 helmet (worn)
 n - a +0 pair of boots of running (worn)
 t - a +0 ring mail (worn)
Jewellery
 o - an uncursed ring of see invisible {unknown}
Scrolls
 i - 2 scrolls of recharging {unknown}
 j - a scroll of immolation {unknown}
 k - 4 scrolls of identify {unknown}
 l - 2 scrolls of remove curse {unknown}
 m - 2 scrolls of enchant weapon {unknown}
 p - 2 scrolls of blinking {unknown}
 r - a scroll of amnesia {unknown}
Potions
 a - a potion of brilliance {unknown}
 g - 2 potions of heal wounds {unknown}
 s - a potion of curing {unknown}
Comestibles
 e - 4 bread rations
 q - a meat ration
 v - 4 fruits


   Skills:
 - Level 2.4 Fighting
 * Level 7.7 Axes
 - Level 1.7 Throwing
 - Level 2.4 Dodging


You had 4 spell levels left.
You didn't know any spells.

Dungeon Overview and Level Annotations

Branches:
Dungeon (4/15)
 Temple: D:4-7

Altars:
Ashenzari
Dithmenos
Fedhas
Kikubaaqudgha
Nemelex Xobeh


Message History

The centaur shoots an arrow.
The arrow hits you!
* * * LOW HITPOINT WARNING * * *
You take 18 damage, and have 4/42 hp.
MASSIVE DAMAGE!!
You hit the bush but do no damage. You hit the bush. You hit the bush.
The centaur shoots an arrow.
The arrow completely misses you.
You hit the bush but do no damage. x3
The centaur shoots an arrow.
The arrow completely misses you.
The centaur unwields an uncursed shortbow.
The centaur hits the bush but does no damage.
The centaur hits the bush but does no damage.
The centaur wields an uncursed shortbow.
The centaur shoots an arrow.
The arrow barely misses you.
The centaur shoots an arrow.
The arrow hits you.
* * * LOW HITPOINT WARNING * * *
You see here an arrow.
You take 4 damage, and have 1/42 hp.
The centaur shoots an arrow.
The arrow barely misses you.
You see here an arrow.
The centaur shoots an arrow.
The arrow hits you.
You die...

#.. ##[.. ####..##
#.#.... ##......#
##....#..## ......(.#
##.......#.#
.......####....#....#.
#.....................
##..............#..
#...##.............
##(@####............
## ##((.#
##...........
...######.(.##
##..........
.......(...##
#..........
..........##
##.........
###...(...# ##........
#..PPPP..# #........
#..PcPPP.# ##.......
##.PP_ P.# #.......


You could see a centaur.

Vanquished Creatures
  An orc priest (D:3)
  A worker ant (D:4)
  3 adders
  An ooze (D:3)
  4 worms
  3 orcs
  A giant cockroach (D:1)
  7 goblins
  5 hobgoblins
  4 jackals
  A quokka (D:2)
  A ball python (D:1)
  8 bats
  A giant newt (D:3)
  11 kobolds
  9 rats
61 creatures vanquished.

Notes
Turn   | Place    | Note
--------------------------------------------------------------
     0 | D:1      | Goblin1989 the Hill Orc Gladiator began the quest for the Orb.
     0 | D:1      | Reached XP level 1. HP: 18/18 MP: 1/1
   142 | D:1      | Reached XP level 2. HP: 13/25 MP: 2/2
   486 | D:1      | Reached skill level 5 in Axes
   776 | D:2      | Reached XP level 3. HP: 26/30 MP: 3/3
   784 | D:2      | Found a faded altar to an unknown god.
  1174 | D:2      | Found a sparkling altar of Nemelex Xobeh.
  1212 | D:2      | Reached skill level 6 in Axes
  1600 | D:2      | Identified a +0 pair of boots of running (You found it on level 2 of the Dungeon)
  1875 | D:2      | Found a shattered altar of Ashenzari.
  1982 | D:3      | Reached XP level 4. HP: 37/37 MP: 4/4
  2137 | D:3      | Found an ancient bone altar of Kikubaaqudgha.
  2308 | D:3      | Found a shadowy altar of Dithmenos.
  2432 | D:3      | Reached skill level 7 in Axes
  2594 | D:4      | Reached XP level 5. HP: 37/42 MP: 5/5
  3076 | D:4      | Noticed a centaur
  3081 | D:4      | Found a blossoming altar of Fedhas.
  3087 | D:4      | HP: 1/42 [centaur/arrow (4)]
  3089 | D:4      | Shot with an arrow by a centaur

Action                   |  1- 3 |  4- 6 || total
-------------------------+-------+-------++-------
Melee: War axe           |   124 |    61 ||   185
Throw: Stone             |       |     3 ||     3
  Eat: Chunk             |     3 |     3 ||     6
       Meat ration       |       |     1 ||     1
